 Dungeon Crawl Stone Soup version 0.28-a0-1435-g82390b3a13 (webtiles) character file.

Game seed: 11732983763505459295

20143 blank1 the Thaumaturge (level 13, -1/96 HPs)
             Began as a Djinni Fire Elementalist on Jan 9, 2022.
             Was an Elder of Makhleb.
             Slain by a black mamba (2 damage)
             ... on level 2 of the Lair of Beasts on Jan 10, 2022.
             The game lasted 00:49:42 (17166 turns).

blank1 the Thaumaturge (Djinni Fire Elementalist)  Turns: 17166, Time: 00:49:43

Health: -1/96      AC:  9    Str:  5    XL:     13   Next: 10%
Gold:   845        EV: 18    Int: 30    God:    Makhleb [****..] SH:  0 Dex: 17

rFire   + + .      SeeInvis +   e - +7 Throatcutter {drain, coup de grace}
rCold   . . .      Faith    .   I - orb {mayhem}
rNeg    + . .      Spirit   .   C - +1 robe {rN+}
rPois   ∞          Reflect  .   v - +3 hat of Pondering {ponderous, Will+ MP+10 Int+5}
rElec   .          Harm     .   i - +1 cloak
rCorr   .          Rampage  .   j - +0 pair of gloves
Will    ++...                   (boots unavailable)
Stlth   ++++......              (no amulet)
HPRegen 0.26/turn               g - ring of Cusom {rPois Str-2 Int+6 SInv}
MPRegen 0.00/turn               s - ring of protection from cold

@: flying, slow
A: sickness immunity, fire resistance 2, cold vulnerability 1, float, innate
caster, hp casting, extra vitality 1
a: Renounce Religion, Minor Destruction, Lesser Servant of Makhleb, Major
Destruction


You were on level 2 of the Lair of Beasts.
You worshipped Makhleb.
Makhleb was greatly pleased with you.
You visited 3 branches of the dungeon, and saw 14 of its levels.

You collected 845 gold pieces.

Inventory:

Hand Weapons
 e - the +7 Throatcutter (weapon) {drain, coup de grace}
   (You found it on level 5 of the Dungeon)

   A truly terrible weapon, it drains the life of any living foe it strikes.
   It may instantly kill foes which have little health.
Missiles
 n - 5 throwing nets
Armour
 i - a +1 cloak (worn)
 j - a +0 pair of gloves (worn)
 v - the +3 hat of Pondering (worn) {ponderous, Will+ MP+10 Int+5}
   (You took it off Gastronok on level 1 of the Lair of Beasts)

   Int:       It affects your intelligence (+5).
   MP:        It affects your magic capacity (+10).
   Will:      It increases your willpower.
 x - a +0 helmet
 C - a +1 robe of positive energy (worn)
 I - an orb of mayhem (worn)
Magical Staves
 k - a staff of cold
Jewellery
 b - a ring of see invisible
 g - the ring of Cusom (left hand) {rPois Str-2 Int+6 SInv}
   (You found it on level 2 of the Dungeon)

   [ring of intelligence]

   Str:       It affects your strength (-2).
   Int:       It affects your intelligence (+6).
   rPois:     It protects you from poison.
   SInv:      It lets you see invisible.
 r - a ring of fire
 s - a ring of protection from cold (right hand)
Wands
 a - a wand of paralysis (3)
 l - a wand of polymorph (11)
 w - a wand of flame (9)
 F - a wand of mindburst (7)
 H - a wand of digging (5)
Scrolls
 f - 7 scrolls of enchant weapon
 h - 3 scrolls of torment
 p - a scroll of silence
 q - 7 scrolls of teleportation
 t - a scroll of summoning
 y - a scroll of enchant armour
 B - a scroll of amnesia
 D - a scroll of blinking
 G - 6 scrolls of identify
Potions
 c - 3 potions of mutation
 d - 2 potions of haste
 m - a potion of attraction
 o - 6 potions of curing
 u - 3 potions of might
 z - a potion of ambrosia
 A - a potion of resistance
 E - 2 potions of lignification


   Skills:
 + Level 10.0 Fighting
 + Level 10.0 Dodging
 - Level 8.0 Stealth
 - Level 11.0 Spellcasting


You had 2 spell levels left.
You knew the following spells:

 Your Spells              Type           Power      Damage    Failure   Level
a - Foxfire               Conj/Fire      100%       2x1d9     1%          1
b - Scorch                Fire           100%       2d10      1%          2
c - Conjure Flame         Conj/Fire      70%        6-21      1%          3
d - Inner Flame           Hex/Fire       70%        N/A       1%          3
e - Flame Wave            Conj/Fire      70%        2d11      1%          4
f - Animate Skeleton      Necr           100%       N/A       1%          1
g - Blink                 Tloc           100%       N/A       1%          2
h - Frozen Ramparts       Ice            100%       1d12      1%          3
i - Summon Ice Beast      Ice/Summ       70%        N/A       1%          4
j - Dispel Undead         Necr           70%        3d24      1%          4
k - Manifold Assault      Tloc           70%        N/A       1%          5
Your spell library was empty.

Dungeon Overview and Level Annotations

Branches:
Dungeon (10/15)            Temple (1/1) D:4            Lair (3/6) D:8
  Snake (0/4) Lair:2          Orc (0/2) D:10
  Swamp: Lair:2-4    Shoals: Lair:2-4    Spider: Lair:2-4

Altars:
Ashenzari
Cheibriados
Dithmenos
Elyvilon
Fedhas
Gozag
Hepliaklqana
Kikubaaqudgha
Makhleb
Nemelex Xobeh
Okawaru
Qazlal
Ru
Sif Muna
Trog
Uskayaw
Vehumet
Wu Jian
Xom
Yredelemnul
Zin
The Shining One

Shops:
D:4 *

Annotations:
D:4 exclusion: statue
D:5 3 runed translucent doors, dang3rdave's ghost, novice GrAM; riojii's ghost, novice DjFE


Innate Abilities, Weirdness & Mutations

You are immune to sickness and miasma.
You are immune to poison.
Your flesh is very heat resistant. (rF++)
You are vulnerable to cold. (rC-)
You float through the air rather than walking.
You learn spells naturally, not from books.
Your magical power is your life essence.
You have superior vitality. (+4 MHP)


Message History

You need no library to learn spells.
The blink frog is no longer more vulnerable to fire.
The black mamba closely misses you. The komodo dragon closely misses you.
The black mamba completely misses you.
Your ice beast hits the black mamba.
Your ice beast freezes the black mamba!
You fly upwards.
There is a stone staircase leading down here.
Unknown command.
Casting: Scorch (safe; 1% risk of failure)
Confirm with . or Enter, or press ? or * to list all spells.
Flames lash the black mamba.
The black mamba is burned terribly!
The black mamba is heavily wounded.
* * * LOW HITPOINT WARNING * * *
The black mamba bites you but does no damage.
The komodo dragon completely misses you.
The black mamba misses you.
Casting: Scorch (safe; 1% risk of failure)
Confirm with . or Enter, or press ? or * to list all spells.
Flames lash the komodo dragon.
The komodo dragon is burned terribly!
You kill the komodo dragon!
Makhleb accepts your kill.
You feel better.
* * * LOW HITPOINT WARNING * * *
The black mamba bites you!
* * * LOW HITPOINT WARNING * * *
Casting: Scorch (safe; 1% risk of failure)
Confirm with . or Enter, or press ? or * to list all spells.
Flames lash the black mamba.
The black mamba is burned terribly!
The black mamba is severely wounded.
* * * LOW HITPOINT WARNING * * *
The black mamba bites you!
* * * LOW HITPOINT WARNING * * *
The black mamba barely misses you.
Casting: Scorch (safe; 1% risk of failure)
Confirm with . or Enter, or press ? or * to list all spells.
Flames lash the black mamba.
The black mamba is burned terribly!
The black mamba is almost dead.
* * * LOW HITPOINT WARNING * * *
The black mamba barely misses you. The black mamba bites you.
You die...

#P........................
##........................
#........................
#...###..#......#.#.#..#.
#...###...#....#.###..#..
#...#..........##.....#..
#.........P............#.
#........##.....#.....##.
#......S@##....#......#..
##..#P..†..#............#.
#P..#.....##....##........
#....#..####....##.....##.
##..P..#.###....##.#.####.
##.................###.##..
#.#...............<........
#####PP#####..##.#..#####.#
#### ########P# ###


You could see a black mamba (combustible).

Vanquished Creatures
  Gastronok (Lair:1)
  A hydra (Lair:1)
  2 two-headed ogres
  2 centaur zombies (D:10)
  A black mamba (Lair:2)
  An unseen horror (D:10)
  A cane toad (Lair:1)
  4 komodo dragons
  A hornet (D:9)
  2 blink frogs (Lair:3)
  3 trolls
  2 wraiths
  3 vampires (D:10)
  2 wyverns
  3 yaks (D:9)
  2 basilisks (Lair:1)
  Grum (Lair:1)
  2 vampire mosquitoes (D:10)
  Duvessa (D:7)
  7 water moccasins
  4 centaurs
  2 necrophages
  3 ogres
  4 wolves
  A phantom (D:7)
  8 bullfrogs
  4 gnoll sergeants
  3 scorpions
  2 water moccasin skeletons (D:4)
  Dowan (D:7)
  4 killer bees
  An electric eel (D:7)
  4 howler monkeys
  12 wights
  2 bullfrog zombies
  5 jellies
  A gnoll shaman (D:5)
  5 hounds
  6 orc priests
  7 iguanas
  2 orc wizards
  2 killer bee zombies
  A hound skeleton (D:5)
  2 howler monkey zombies
  19 gnolls
  A howler monkey skeleton (D:6)
  9 adders
  A shadow imp (D:5)
  2 white imps
  An adder skeleton (D:4)
  9 dart slugs
  A worm (D:3)
  32 orcs
  6 endoplasms
  3 giant cockroaches
  13 goblins
  8 hobgoblins
  3 jackals (D:2)
  3 quokkas
  5 ball pythons
  3 bats
  3 frilled lizards
  4 kobolds
  3 rats (D:1)
  A butterfly (D:5)
258 creatures vanquished.

Vanquished Creatures (collateral kills)
  Harold (D:7)
  3 hydras
  2 two-headed ogres
  A cyclops (D:9)
  A cane toad (Lair:2)
  A komodo dragon (Lair:1)
  2 wyverns
  3 yaks (D:9)
  A steam dragon (D:10)
  A warg (D:10)
  3 water moccasins
  2 orc warriors
  A scorpion (Lair:1)
  A wight (D:10)
  2 orc wizards
  A howler monkey zombie (D:10)
  3 gnolls (D:7)
  7 orcs
  23 foxfires
59 creatures vanquished.

Vanquished Creatures (others)
  A blink frog (Lair:3)
  969 foxfires
  5 plants
975 creatures vanquished.

Grand Total: 1292 creatures vanquished

Notes
Turn   | Place    | Note
-------+----------+-------------------------------------------
     0 | D:1      | blank1 the Djinni Fire Elementalist began the quest for the
                  | Orb.
     0 | D:1      | Reached XP level 1. HP: 15/15 MP: 0/0
   161 | D:1      | Reached XP level 2. HP: 13/22 MP: 0/0
   919 | D:1      | Reached skill level 1 in Fighting
  1149 | D:1      | Reached XP level 3. HP: 26/27 MP: 0/0
  1149 | D:1      | Learned a level 1 spell: Animate Skeleton
  1657 | D:2      | Reached skill level 3 in Spellcasting
  1657 | D:2      | Reached XP level 4. HP: 11/32 MP: 0/0
  2230 | D:2      | Identified the ring of Cusom {rPois Str-2 Int+6 SInv}
  2257 | D:2      | Found a faded altar of an unknown god.
  2504 | D:2      | Reached XP level 5. HP: 34/37 MP: 0/0
  2504 | D:2      | Learned a level 2 spell: Blink
  3078 | D:3      | Found a white marble altar of Elyvilon.
  3100 | D:3      | Reached skill level 4 in Spellcasting
  3529 | D:3      | Reached XP level 6. HP: 39/43 MP: 0/0
  4017 | D:4      | Found an opulent altar of Gozag.
  4017 | D:4      | Found Gozag's Platinum Reserve.
  4031 | D:4      | Found a staircase to the Ecumenical Temple.
  4035 | D:4      | Noticed an ogre
  4360 | Temple   | Entered the Ecumenical Temple
  4465 | D:4      | Killed an ogre
  4466 | D:4      | Reached XP level 7. HP: 38/49 MP: 0/0
  4466 | D:4      | Learned a level 3 spell: Frozen Ramparts
  4685 | D:4      | Reached skill level 5 in Dodging
  4734 | D:4      | Found a glowing golden altar of the Shining One.
  5144 | D:4      | Found a blossoming altar of Fedhas.
  5654 | D:5      | Entered Level 5 of the Dungeon
  5686 | D:4      | Reached skill level 5 in Spellcasting
  5915 | D:5      | Reached XP level 8. HP: 43/55 MP: 0/0
  6269 | D:5      | Found a shadowy altar of Dithmenos.
  6273 | D:5      | Found a broken altar of Ashenzari.
  6369 | D:5      | Found a runed translucent gate.
  6369 | D:5      | Found a runed translucent gate.
  6369 | D:5      | Found a runed translucent gate.
  6369 | D:5      | Noticed dang3rdave's ghost (novice GrAM)
  6370 | D:5      | Noticed riojii's ghost (novice DjFE)
  6600 | D:5      | Found a shimmering altar of Xom.
  6650 | D:5      | Found the +7 Throatcutter {drain, coup de grace}
  6668 | D:5      | Found a burning altar of Makhleb.
  6674 | D:5      | Reached skill level 6 in Spellcasting
  6679 | D:5      | Became a worshipper of Makhleb the Destroyer
  7354 | D:6      | Reached XP level 9. HP: 60/64 MP: 0/0
  7354 | D:6      | Learned a level 4 spell: Summon Ice Beast
  7406 | D:6      | Reached skill level 5 in Fighting
  8083 | D:6      | Reached * piety under Makhleb
  8183 | D:6      | Found a snail-covered altar of Cheibriados.
  8620 | D:7      | Noticed Dowan
  8624 | D:7      | Noticed Duvessa
  8634 | D:7      | Killed Dowan
  8636 | D:7      | Killed Duvessa
  8951 | D:7      | Noticed Harold
  8962 | D:7      | Killed Harold
  8963 | D:7      | Reached skill level 5 in Stealth
  8963 | D:7      | Reached XP level 10. HP: 50/72 MP: 0/0
  9212 | D:7      | Noticed a two-headed ogre
  9220 | D:7      | Killed a two-headed ogre
  9221 | D:7      | Reached skill level 7 in Spellcasting
  9632 | D:7      | Found the +18 Lear's hauberk
  9677 | D:7      | Identified the +7 lajatang of Putrescence {antimagic,
                  | Str+7}
 10270 | D:8      | Noticed a two-headed ogre
 10276 | D:8      | Killed a two-headed ogre
 10277 | D:8      | Reached skill level 8 in Spellcasting
 10451 | D:8      | Found a staircase to the Lair.
 10484 | D:8      | Reached ** piety under Makhleb
 10849 | D:9      | Noticed a two-headed ogre
 10854 | D:9      | Killed a two-headed ogre
 10855 | D:9      | Reached XP level 11. HP: 73/79 MP: 0/0
 10855 | D:9      | Learned a level 4 spell: Dispel Undead
 10898 | D:9      | Reached skill level 10 in Dodging
 11205 | D:9      | Noticed a two-headed ogre
 11208 | D:9      | Noticed a cyclops
 11220 | D:9      | Reached skill level 9 in Spellcasting
 11418 | D:9      | Found a flagged portal.
 11516 | D:9      | Killed a cyclops
 11567 | D:9      | Killed a two-headed ogre
 12157 | D:10     | Entered Level 10 of the Dungeon
 12450 | D:10     | Found a sacrificial altar of Ru.
 12534 | D:10     | Reached skill level 10 in Spellcasting
 12794 | D:10     | Reached *** piety under Makhleb
 13066 | D:10     | Found a staircase to the Orcish Mines.
 13590 | D:10     | Reached XP level 12. HP: 31/88 MP: 0/0
 14159 | D:10     | Paralysed by a vampire for 3 turns
 14476 | Lair:1   | Entered Level 1 of the Lair of Beasts
 14485 | Lair:1   | Noticed an eight-headed hydra
 14491 | Lair:1   | Noticed Grum
 14494 | Lair:1   | Killed an eight-headed hydra
 14722 | D:8      | Upgraded the game from 0.28-a0-1429-gf3d713df7a to
                  | 0.28-a0-1435-g82390b3a13
 14997 | Lair:1   | Killed Grum
 15057 | Lair:1   | Noticed a four-headed hydra
 15062 | Lair:1   | Killed a four-headed hydra
 15164 | Lair:1   | Noticed Gastronok
 15179 | Lair:1   | Killed Gastronok
 15436 | Lair:1   | Noticed a six-headed hydra
 15446 | Lair:1   | Killed a six-headed hydra
 15480 | Lair:1   | Reached skill level 10 in Fighting
 15773 | Lair:2   | Noticed a seven-headed hydra
 15777 | Lair:2   | Killed a seven-headed hydra
 16093 | Lair:2   | Reached **** piety under Makhleb
 16192 | Lair:2   | Reached XP level 13. HP: 88/96 MP: 0/0
 16192 | Lair:2   | Learned a level 5 spell: Manifold Assault
 16237 | Lair:2   | Found a staircase to the Snake Pit.
 16855 | Lair:3   | Reached skill level 11 in Spellcasting
 17165 | Lair:2   | HP: 3/96 [black mamba (9)]
 17166 | Lair:2   | Slain by a black mamba

Illustrated notes

Levels and vault maps discovered:
D:1:      dpeg_arrival_snail, layout_basic
D:2:      layout_rooms, shapermc_ecumenical_altar_mp_highgroup
D:3:      layout_loops_ring, nicolae_elyvilon_peaceful_grove
D:4:      layout_gridville, vehumet_statue, mainiacjoe_overflow_alcove_4,
          nicolae_gozag_zags_fifth_avenue, gammafunk_temple_overflow_elements,
          minmay_temple_entry_mini_moons
D:5:      layout_basic, chequers_temple_overflow_statue_of_worship,
          xom_butterflies, makhleb_blood_cavern_becter,
          gammafunk_ghost_cemetery, nicolae_figureground_sparkle
D:6:      layout_loops_ring, nicolae_overflow_crystal_walls
D:7:      kennysheep_slugbush, layout_rooms, uniq_duvessa, uniq_harold
D:8:      layout_basic, lair_entry_dummy
D:9:      layout_irregular_city, enter_bailey_8, minmay_mirror_moons_of_madness
D:10:     layout_irregular_city, mainiacjoe_overflow_small_starburst,
          erik_orc_3, minmay_alternating_orb
Temple:   zaba_magenta_temple
Lair:1:   layout_big_grid, nicolae_quartered_pool_impasse, st_stairs_12,
          small_statue_intersection, grunt_megastairs_4, uniq_grum,
          uniq_gastronok
Lair:2:   layout_regular_city, dummy_snake_entry
Lair:3:   layout_gridlike, spider_nest_entry_rubble, gauntlet_entry_generic,
          chequers_serial_rivers_small_3, grunt_megastairs_1

Skill      XL: |  1  2  3  4  5  6  7  8  9 10 11 12 13 |
---------------+----------------------------------------+-----
Fighting       | 1 2 4 6 7 8 10 | 10.0
Stealth        | 2 3 5 8 |  8.0
Dodging        | 3 4 5 8 9 10 | 10.0
Spellcasting   | 3 4 5 6 8 10 11 | 11.0

Action                   |  1- 3 |  4- 6 |  7- 9 | 10-12 | 13-15 || total
-------------------------+-------+-------+-------+-------+-------++-------
Melee: Dagger            |       |     2 |       |       |       ||     2
       Long sword        |       |       |    12 |    15 |    13 ||    40
 Cast: Foxfire           |    79 |   108 |   186 |   196 |     9 ||   578
       Scorch            |       |     9 |    72 |   174 |    12 ||   267
       Blink             |       |     1 |       |     1 |       ||     2
       Conjure Flame     |       |       |     4 |     1 |       ||     5
       Summon Ice Beast  |       |       |     5 |    47 |     4 ||    56
       Frozen Ramparts   |       |       |     1 |       |       ||     1
       Dispel Undead     |       |       |       |    16 |       ||    16
       Manifold Assault  |       |       |       |       |     5 ||     5
  Use: Scroll            |       |       |     9 |    12 |       ||    21
 Stab: Sleeping          |       |     1 |     2 |     2 |       ||     5
Armor: Robe              |     2 |       |     5 |    22 |     7 ||    36
Dodge: Dodged            |     6 |    10 |    32 |    96 |    29 ||   173

Table legend: (Time is in decaauts)
 A = Elapsed time spent in this place.
 B = Non-inter-level travel time spent in this place.
 C = Inter-level travel time spent in this place.
 D = Time resting spent in this place.
 E = Time spent auto-exploring this place.
 F = Levels seen in this place.
 G = Mean time per level.
                   A        B        C        D        E       F      G
               +--------+--------+--------+--------+--------+-----+--------+
         Total |  17288 |  16655 |    633 |   3318 |  10732 |  14 | 1234.9 |
       Dungeon |  14879 |  14359 |    520 |   3023 |   9101 |  10 | 1487.9 |
        Temple |     81 |     63 |     18 |      0 |     58 |   1 |   81.0 |
          Lair |   2327 |   2232 |     95 |    295 |   1573 |   3 |  775.7 |
               +--------+--------+--------+--------+--------+-----+--------+

Top non-repeatable levels by time:
    D:10: 1971 daAuts
     D:4: 1696 daAuts
     D:1: 1677 daAuts
     D:7: 1589 daAuts
     D:8: 1540 daAuts
     D:9: 1494 daAuts
  Lair:2: 1451 daAuts
     D:5: 1434 daAuts
     D:3: 1345 daAuts
     D:6: 1082 daAuts
     D:2: 1047 daAuts
  Lair:1: 857 daAuts
  Temple: 81 daAuts
  Lair:3: 19 daAuts
